AoeStats
← eloycorsob

Black Forest

510840807Analyzed
4v4 RM · 14h ago on Oct 2, 2026· 62m 17s· 8 players
Game mode
Random Map
Map size
Large (8 player)
Population
200
Speed
Normal
Resources
Standard
Victory
Conquest
Starting age
Dark Age
Ending age
Imperial Age
RankedLock teamsTeams togetherTeam positionsShared explorationLock speedFull tech treeHidden civsTurbo modeCheats
Victory
Defeat
🇺🇸 Franks · United States
692
+14
🇲🇽 Franks · Mexico
666
+15
557
+19
🇵🇪 Britons · Peru
538
+20
🇫🇷 Goths · France
711
-21
🇪🇸 Teutons · Spain
615
-16
🇵🇱 Persians · Poland
605
-16
🇪🇸 Byzantines · Spain
595
-15
MagŻydomancji
0:41 Loom
18:25 Feudal Age
18:45 Man-at-Arms
26:06 Gold Mining
26:04 Double-Bit Axe
28:52 Wheelbarrow
29:28 Stone Mining
33:17 Castle Age
32:00 Horse Collar
33:58 Fletching
34:32 Caravan
35:22 Gold Shaft Mining
36:09 Coinage
38:30 Stone Shaft Mining
38:13 Hand Cart
37:43 Town Watch
42:46 Imperial Age
41:03 Murder Holes
41:29 Ballistics
41:44 Bow Saw
42:19 Pikeman
43:17 Citadels
44:00 Hoardings
43:46 Conscription
43:48 Halberdier
47:49 Heavy Scorpion
62:02 Bodkin Arrow
Santino D´Antonio
4:14 Loom
9:50 Feudal Age
18:09 Castle Age
22:37 Double-Bit Axe
22:38 Horse Collar
24:45 Bow Saw
27:21 Wheelbarrow
29:56 Heavy Plow
30:37 Stone Mining
31:26 Caravan
31:38 Fletching
33:01 Hand Cart
32:33 Town Watch
34:00 Bodkin Arrow
34:51 Gold Mining
35:37 Stone Shaft Mining
35:12 Heated Shot
35:32 Fortified Wall
35:33 Masonry
38:21 Forging
38:12 Scale Mail Armor
38:17 Scale Barding Armor
38:13 Padded Archer Armor
41:52 Imperial Age
40:25 Town Patrol
40:20 Arson
40:35 Squires
39:56 Pikeman
40:22 Gambesons
41:04 Ballistics
40:58 Fervor
41:09 Bloodlines
41:29 Chain Barding Armor
43:19 Iron Casting
43:00 Chain Mail Armor
43:01 Leather Archer Armor
42:47 Cavalier
44:25 Conscription
45:04 Plate Barding Armor
45:49 Chemistry
45:16 Crenellations
46:49 Onager
48:19 Halberdier
52:07 Paladin
61:59 Blast Furnace
glubix44
0:31 Loom
11:36 Feudal Age
12:22 Town Watch
13:16 Wheelbarrow
12:31 Horse Collar
21:18 Castle Age
22:22 Double-Bit Axe
22:41 Heavy Plow
22:37 Gold Mining
22:41 Stone Mining
23:26 Hand Cart
24:59 Caravan
28:35 Squires
27:56 Pikeman
30:35 Scale Mail Armor
30:46 Forging
32:50 Stone Shaft Mining
35:52 Chain Mail Armor
36:13 Iron Casting
37:03 Ballistics
36:39 Murder Holes
36:53 Anarchy
39:31 Imperial Age
39:12 Bow Saw
40:04 Masonry
39:36 Treadmill Crane
40:00 Elite Huskarl
40:42 Perfusion
40:07 Halberdier
45:27 Blast Furnace
44:33 Scale Barding Armor
44:29 Padded Archer Armor
44:20 Fletching
45:36 Two-Man Saw
47:41 Conscription
46:58 Sappers
eloycorsob
2:01 Loom
13:37 Feudal Age
15:48 Wheelbarrow
15:33 Double-Bit Axe
15:35 Horse Collar
24:27 Castle Age
25:01 Stone Mining
25:01 Gold Mining
25:18 Husbandry
25:57 Heavy Plow
26:35 Squires
26:42 Gambesons
27:01 Arson
28:42 Scale Mail Armor
33:46 Imperial Age
33:13 Stone Shaft Mining
33:11 Caravan
34:32 Pikeman
35:36 Bow Saw
36:59 Heavy Camel Rider
38:36 Gold Shaft Mining
39:23 Forging
39:29 Chain Mail Armor
39:20 Scale Barding Armor
39:53 Ballistics
40:59 Hand Cart
42:33 Crop Rotation
43:45 Chemistry
42:14 Halberdier
45:25 Two-Man Saw
45:08 Greek Fire
46:10 Iron Casting
46:05 Plate Mail Armor
47:09 Conscription
47:27 Hoardings
48:13 Elite Varangian Guard
48:48 Fletching
48:58 Padded Archer Armor
54:49 Chain Barding Armor
62:03 Plate Barding Armor
61:23 Bodkin Arrow
61:43 Leather Archer Armor
jd.bu.beard
0:33 Loom
14:47 Feudal Age
20:07 Castle Age
20:58 Scale Barding Armor
21:03 Forging
34:36 Imperial Age
35:05 Scale Mail Armor
36:14 Double-Bit Axe
36:12 Cavalier
37:15 Conscription
37:04 Chivalry
38:15 Chain Barding Armor
38:31 Iron Casting
38:12 Chain Mail Armor
37:22 Elite Throwing Axeman
38:12 Paladin
40:46 Plate Barding Armor
41:43 Blast Furnace
GUSTAVO SOSA JR.
17:22 Feudal Age
18:45 Double-Bit Axe
28:35 Castle Age
28:13 Gold Mining
28:36 Scale Barding Armor
28:42 Forging
31:32 Caravan
33:56 Coinage
35:38 Loom
35:39 Town Watch
45:13 Imperial Age
43:23 Husbandry
44:20 Chain Barding Armor
44:35 Iron Casting
45:56 Chivalry
46:19 Conscription
45:37 Cavalier
46:43 Bow Saw
47:12 Wheelbarrow
47:03 Paladin
49:58 Plate Barding Armor
50:23 Blast Furnace
51:35 Elite Throwing Axeman
Derribando Burocracias
10:16 Feudal Age
12:18 Wheelbarrow
12:29 Double-Bit Axe
14:13 Fletching
15:03 Horse Collar
18:10 Castle Age
22:40 Murder Holes
23:53 Heavy Plow
24:42 Loom
29:43 Gold Mining
29:44 Stone Mining
30:12 Hand Cart
29:43 Town Watch
30:28 Ballistics
32:51 Gold Shaft Mining
32:51 Stone Shaft Mining
33:48 Caravan
34:09 Bodkin Arrow
38:04 Imperial Age
36:46 Town Patrol
37:15 Nomads
37:55 Arson
38:11 Squires
37:32 Pikeman
37:32 Man-at-Arms
39:19 Heavy Scorpion
39:20 Capped Ram
40:25 Conscription
40:25 Drill
40:37 Long Swordsman
41:43 Guard Tower
41:37 Siege Ram
46:50 Bracer
46:51 Padded Archer Armor
46:51 Scale Mail Armor
46:57 Scale Barding Armor
47:03 Forging
47:10 Careening
47:11 Clinker Construction
47:22 Shipwright
47:12 Fortified Wall
47:08 Siphons
48:04 Chemistry
47:16 Masonry
48:02 Onager
52:25 Iron Casting
52:05 Chain Mail Armor
52:11 Chain Barding Armor
52:06 Leather Archer Armor
54:01 Coinage
54:01 Herbal Medicine
54:07 Devotion
54:27 Heresy
54:08 Atonement
54:19 Fervor
55:15 Blast Furnace
54:45 Plate Mail Armor
55:37 Bow Saw
56:52 Banking
ZZL
0:36 Loom
14:47 Feudal Age
15:42 Double-Bit Axe
15:41 Horse Collar
17:22 Gold Mining
17:26 Stone Mining
26:35 Castle Age
26:51 Pikeman
27:34 Squires
28:04 Heavy Plow
28:15 Bow Saw
29:00 Arson
29:29 Forging
30:35 Town Watch
31:28 Wheelbarrow
30:51 Town Watch
33:51 Hand Cart
34:18 Gold Shaft Mining
36:15 Yeomen
38:43 Imperial Age
37:47 Fortified Wall
37:58 Ballistics
38:14 Town Patrol
38:51 Padded Archer Armor
38:41 Fletching
38:53 Scale Mail Armor
39:28 Iron Casting
38:59 Scale Barding Armor
40:35 Two-Man Saw
40:16 Elite Longbowman
41:27 Siege Engineers
42:23 Chain Mail Armor
44:02 Leather Archer Armor
43:43 Bodkin Arrow
44:15 Halberdier
47:11 Ring Archer Armor
49:31 Chemistry
48:42 Masonry
48:12 Treadmill Crane
54:02 Bracer
54:32 Plate Mail Armor
Connection lost

Rejoining the realm…

Still unreachable

The connection could not be restored.

Session expired

The server has moved on; the page needs a fresh start.